 Dungeon Crawl Stone Soup version 0.21-a0-215-g0631661 (webtiles) character file.

4998 tehllama the Covert (level 10, -2/63 HPs)
             Began as an Octopode Transmuter on Aug 22, 2017.
             Was an Initiate of Gozag.
             Slain by a bullfrog (8 damage)
             ... on level 8 of the Dungeon.
             The game lasted 00:26:34 (11977 turns).

tehllama the Covert (Octopode Transmuter)          Turns: 11977, Time: 00:26:34

Health: -2/63      AC:  1    Str: 12    XL:     10   Next: 54%
Magic:  16/16      EV: 15    Int: 16    God:    Gozag
Gold:   685        SH:  0    Dex: 13    Spells: 7/17 levels left

rFire    . . .     SeeInvis .     - Unarmed
rCold    + + .     Gourm    .   (no shield)
rNeg     . . .     Faith    .   (helmet restricted)
rPois    +         Spirit   .   (no amulet)
rElec    .         Reflect  .   l - ring of poison resistance
rCorr    .         Harm     .   x - ring of protection from cold
MR       .....                  (no ring)
Stlth    +++.......             (no ring)
HPRegen  0.20/turn              (no ring)
MPRegen  0.15/turn              (no ring)
                                (no ring)
                                (no ring)

@: confused, very slightly contaminated
A: almost no armour, stealthy swim, amphibious, 8 rings, constrict 8, antennae
1, camouflage 1, cold resistance 1, poison resistance, gelatinous body 1
a: Potion Petition, Call Merchant, Bribe Branch, Renounce Religion


You were on level 8 of the Dungeon.
You worshipped Gozag.
Gozag was pleased with you.
You were full.

You visited 2 branches of the dungeon, and saw 10 of its levels.

You collected 774 gold pieces.
You paid 89 gold pieces to Gozag.

Inventory:

Missiles
 a - 204 arrows
Armour
 f - a +0 shield
 u - a +0 leather armour
Magical Staves
 z - an uncursed staff of conjuration {unknown}
Jewellery
 l - a ring of poison resistance (left tentacle)
 o - an uncursed ring of fire
 x - a ring of protection from cold (right tentacle)
Wands
 n - a wand of lightning (0/15)
 s - a wand of polymorph (10/24)
 C - a wand of flame (38/48)
 D - a wand of paralysis (6/24)
Scrolls
 g - 3 scrolls of identify
 j - 2 scrolls of remove curse
 k - a scroll of magic mapping
 m - 3 scrolls of immolation
 r - 3 scrolls of recharging
 v - a scroll of enchant armour
 y - 2 scrolls of enchant weapon
 A - 3 scrolls of teleportation
Potions
 i - a potion of curing
 p - a potion of flight
 q - 2 potions of cancellation
 t - a potion of mutation
 G - a potion of might
Books
 b - a book of Changes

   Spells                             Type                      Level
   a - Beastly Appendage              Transmutation                1
   b - Sticks to Snakes               Transmutation                2
   c - Spider Form                    Transmutation/Poison         3
   d - Ice Form                       Ice/Transmutation            4
   e - Blade Hands                    Transmutation                5
 e - a book of Air

   Spells                             Type                      Level
   a - Shock                          Conjuration/Air              1
   b - Swiftness                      Charms/Air                   2
   c - Static Discharge               Conjuration/Air              3
   d - Airstrike                      Air                          4
   e - Lightning Bolt                 Conjuration/Air              5
Comestibles
 c - 6 bread rations
 F - a royal jelly


   Skills:
 + Level 3.4 Fighting
 + Level 4.9 Dodging
 + Level 8.7 Stealth
 - Level 4.0 Shields
 * Level 8.1 Unarmed Combat
 + Level 4.3 Spellcasting
 * Level 6.3 Transmutations
 + Level 1.1 Ice Magic
 - Level 3.0 Poison Magic
 + Level 4.9 Evocations


You had 7 spell levels left.
You knew the following spells:

 Your Spells              Type           Power        Failure   Level  Hunger
a - Beastly Appendage     Tmut           ###...       1%          1    None
b - Sticks to Snakes      Tmut           ###.....     1%          2    ##.....
c - Spider Form           Tmut/Pois      ###.......   7%          3    ###....
d - Ice Form              Ice/Tmut       ###.....     34%         4    ####...


Dungeon Overview and Level Annotations

Branches:
Dungeon (9/15)             Temple (1/1) D:7
   Lair: D:8-11         Orc: D:9-12

Altars:
Cheibriados
Dithmenos
Elyvilon
Gozag
Hepliaklqana
Okawaru
Ru
Sif Muna
Trog
Uskayaw
Wu Jian
Yredelemnul
The Shining One

Shops:
D:6 (   D:7 (

Annotations:
D:3 1 runed door


Innate Abilities, Weirdness & Mutations

You cannot wear most types of armour.
You are very stealthy in the water. (Stealth+)
You are amphibious.
You can wear up to eight rings at the same time.
You can use your tentacles to constrict eight enemies at once.
Your skin changes colour to match your surroundings (Stealth+).
Your rubbery body absorbs attacks. (AC +1, EV +1)
You have a pair of small antennae on your head.
Your flesh is cold resistant. (rC+)
Your system is resistant to poisons. (rPois)


Message History

Evoke which item? (* to show all) (? for menu, Esc to quit)
You have no means to grasp a wand firmly enough.
You warm up again.
Evoke which item? (* to show all) (? for menu, Esc to quit)
Okay, then.
As you read the scroll of fear, it crumbles to dust.
You assume a fearsome visage.
The black mamba looks frightened!
A bullfrog comes into view.
The bullfrog hits you!
* * * LOW HITPOINT WARNING * * *
Casting: Ice Form
Confirm with . or Enter, or press ? or * to list all spells.
You miscast Spider Form.
The air around you crackles with energy!
The bullfrog hits you.
* * * LOW HITPOINT WARNING * * *
You are confused.
You feel invigorated. The bullfrog hits you!
You die...
Your body crumbles into a pile of gold.

#>....?...##################
#...........................
#########.#.....####.#####.#
#.......# #.# #.# #.......#
#.# #.# #......># #.# #.#
#.......# #.# #.#
########.#F....# #.# #.#
#......#.#@##### #.# #.+
#.####.#.#.## #.# ###
#........#..# #.# #
######...##.# #.# #
#...##.## #.# #)..##..# #.#
#...###.# #.# #.### #.# #.#
##########.# #.# #.#


You could see a bullfrog.

Vanquished Creatures
  The ghost of tehllama the Insei, a novice OpTm of Gozag (D:6)
  The ghost of marriedatthemol the Poker, an amateur MfGl of Okawaru (D:5)
  Sigmund (D:5)
  Eustachio (D:6)
  A hungry ghost (D:7)
  10 orc warriors
  An ice beast (D:7)
  3 phantoms
  6 ogres
  4 centaurs
  4 bullfrogs
  A scorpion (D:7)
  A water moccasin skeleton (D:8)
  4 killer bees (D:7)
  A howler monkey (D:4)
  5 crimson imps
  A bullfrog zombie (D:7)
  8 orc priests
  10 orc wizards
  2 hounds
  Ijyb (D:5)
  Natasha (thrice) (D:2)
  An iguana (D:8)
  A worker ant (D:4)
  3 hound skeletons
  2 worker ant zombies
  Robin (D:2)
  A gnoll (D:1)
  9 adders
  2 shadow imps (D:6)
  An ooze (D:4)
  4 worms
  4 dart slugs
  3 leopard geckos
  46 orcs
  2 giant cockroaches (D:3)
  13 goblins
  12 hobgoblins
  7 jackals
  9 kobolds
  10 quokkas
  10 bats
  8 frilled lizards
  A jackal skeleton (D:3)
  A leopard gecko skeleton (D:5)
  A quokka zombie (D:5)
  7 rats
229 creatures vanquished.

Vanquished Creatures (collateral kills)
  A jelly (D:6)
  A hound (D:5)
  A worker ant (D:5)
3 creatures vanquished.

Grand Total: 232 creatures vanquished

Notes
Turn   | Place    | Note
-------+----------+-------------------------------------------
     0 | D:1      | tehllama the Octopode Transmuter began the quest for the Orb.
     0 | D:1      | Reached XP level 1. HP: 13/13 MP: 3/3
    59 | D:1      | Reached XP level 2. HP: 10/18 MP: 5/5
   370 | D:1      | Reached XP level 3. HP: 20/23 MP: 6/6
   474 | D:1      | Reached skill level 1 in Stealth
   949 | D:2      | Reached XP level 4. HP: 16/28 MP: 7/7
  1111 | D:2      | Found a white marble altar of Elyvilon.
  1366 | D:2      | Noticed Natasha
  1373 | D:2      | Killed Natasha
  1402 | D:2      | Noticed Natasha
  1490 | D:2      | Learned a level 2 spell: Sticks to Snakes
  1494 | D:2      | Learned a level 3 spell: Spider Form
  1556 | D:2      | Noticed Robin
  1563 | D:2      | Killed Robin
  1570 | D:2      | Reached XP level 5. HP: 19/33 MP: 2/8
  1966 | D:2      | Killed Natasha
  2096 | D:2      | Found a hide-covered altar of Uskayaw.
  2185 | D:2      | Noticed Natasha
  2188 | D:2      | Killed Natasha
  2188 | D:2      | Reached skill level 5 in Unarmed Combat
  2488 | D:3      | Reached skill level 5 in Stealth
  2488 | D:3      | Reached XP level 6. HP: 27/38 MP: 9/9
  2536 | D:3      | Gained mutation: Your system is resistant to poisons. (rPois) [potion of mutation]
  2536 | D:3      | Gained mutation: You have a pair of small antennae on your head. [potion of mutation]
  2536 | D:3      | Gained mutation: Your flesh is cold resistant. (rC+) [potion of mutation]
  2552 | D:3      | Reached skill level 1 in Poison Magic
  2853 | D:3      | Found a sacrificial altar of Ru.
  2909 | D:3      | Found a runed door.
  3396 | D:4      | Reached skill level 1 in Shields
  3405 | D:4      | Reached XP level 7. HP: 19/43 MP: 4/10
  4570 | D:4      | Reached skill level 1 in Evocations
  4583 | D:5      | Entered Level 5 of the Dungeon
  4976 | D:5      | Reached XP level 8. HP: 43/48 MP: 10/12
  5099 | D:5      | Found a hazy altar of Hepliaklqana.
  5392 | D:5      | Noticed Sigmund
  5400 | D:5      | Killed Sigmund
  5491 | D:5      | Noticed Ijyb
  5510 | D:5      | Killed Ijyb
  5618 | D:5      | Noticed marriedatthemol's ghost (amateur MfGl)
  6037 | D:5      | Killed marriedatthemol's ghost
  6541 | D:6      | Noticed Eustachio
  6557 | D:6      | Killed Eustachio
  6557 | D:6      | Reached XP level 9. HP: 42/53 MP: 10/13
  6591 | D:6      | Noticed tehllama's ghost (novice OpTm)
  7047 | D:6      | Killed tehllama's ghost
  7525 | D:6      | Found a glowing golden altar of the Shining One.
  7572 | D:6      | Found a basalt altar of Yredelemnul.
  7594 | D:6      | Found Caorhits's Weapon Shoppe.
  7706 | D:6      | Reached skill level 5 in Transmutations
  8586 | D:7      | Found Isaoq's Antique Weapon Shoppe.
  8605 | D:7      | Found a staircase to the Ecumenical Temple.
  8615 | Temple   | Entered the Ecumenical Temple
  8710 | Temple   | Became a worshipper of Gozag Ym Sagoz the Greedy
  9008 | D:7      | Reached XP level 10. HP: 34/61 MP: 11/15
  9315 | Temple   | Learned a level 4 spell: Ice Form
  9985 | D:8      | Found a shadowy altar of Dithmenos.
 10929 | D:8      | Reached skill level 1 in Ice Magic
 11946 | D:9      | Noticed a black mamba
 11946 | D:9      | a troll changed into a black mamba
 11976 | D:8      | HP: 3/63 [bullfrog (5)]
 11977 | D:8      | Slain by a bullfrog

Vault maps used:
D:1:      dpeg_arrival_arbitrary_b
D:2:      nicolae_overflow_crystal_walls, marbit_many_paths,
          minmay_misc_feat_doors, kennysheep_doodads, uniq_natasha, uniq_robin
D:3:      minmay_door_path, nicolae_overflow_hidden_temple, first_bread,
          uniq_crazy_yiuf_cottage
D:4:      kb_forest_paths
D:5:      old_standard_altar, guppyfry_early_orc_mine, uniq_ijyb, uniq_sigmund
D:6:      grunt_temple_overflow_holy_war, serial_shops, shop_fountains,
          uniq_eustachio
D:7:      minmay_temple_entry_statues_pillars, serial_shops, shop_fountains
D:8:      nicolae_dithmenos_shadow_blocks, special_room
D:9:      lemuel_coloured_pillars_altar, kiku_gazebo_garden_becter,
          david_lair_generic, hangedman_fish_farm, uniq_psyche
Temple:   nicolae_temple_figure_eight

Skill      XL: |  1  2  3  4  5  6  7  8  9 10 |
---------------+-------------------------------+-----
Unarmed Combat | 4 5 6 7 8 |  8.1
Stealth        | 2 3 5 6 8 |  8.7
Poison Magic   | 1 2 3 |  3.0
Shields        | 1 3 4 |  4.0
Transmutations | 3 4 5 6 |  6.3
Evocations     | 1 3 4 |  4.9
Dodging        | 3 4 |  4.9
Spellcasting   | 3 4 |  4.3
Fighting       | 2 3 |  3.4
Ice Magic      | 1 |  1.1

Action                   |  1- 3 |  4- 6 |  7- 9 | 10-12 || total
-------------------------+-------+-------+-------+-------++-------
Melee: Unarmed           |    87 |   143 |   329 |   139 ||   698
       Constrict         |    20 |    25 |    18 |     6 ||    69
       Tentacles         |     8 |    20 |     8 |     6 ||    42
       Punch             |     2 |     5 |     3 |     3 ||    13
       Kick              |     1 |     4 |     4 |       ||     9
 Cast: Beastly Appendage |     1 |     6 |     7 |       ||    14
       Spider Form       |       |     3 |    37 |     5 ||    45
       Sticks to Snakes  |       |       |    11 |     3 ||    14
       Ice Form          |       |       |       |    17 ||    17
Invok: Potion Petition   |       |       |     1 |       ||     1
 Abil: End Transformatio |       |       |       |     2 ||     2
Evoke: Wand              |       |       |     1 |     6 ||     7
  Use: Scroll            |       |     5 |    13 |     7 ||    25
       Potion            |       |     3 |     2 |     2 ||     7
 Stab: Sleeping          |     8 |    13 |    13 |     1 ||    35
       Confused          |       |     2 |       |       ||     2
       Distracted        |       |       |     2 |     1 ||     3
  Eat: Chunk             |       |     9 |    19 |       ||    28
       Royal jelly       |       |       |     1 |     2 ||     3
       Bread ration      |       |       |     1 |       ||     1
       Fruit             |       |       |       |     4 ||     4
       Meat ration       |       |       |       |     2 ||     2
Armor: Skin              |     9 |    27 |    19 |    16 ||    71
Dodge: Dodged            |    60 |    72 |   300 |    70 ||   502

Table legend:
 A = Spawn XP
 B = Non-spawn XP
 C = Spawn XP percentage of total XP
 D = Spawn monster count
 E = Non-spawn monster count
 F = Spawn count percentage of total count
 G = Total turns spent on level
                    A         B        C        D         E        F      G
               +---------+---------+-------+---------+---------+-------+---------
         Total |     585 |    6555 |   8.2 |      21 |     211 |   9.1 | 11977
               +---------+---------+-------+---------+---------+-------+---------
           D:1 |       0 |      50 |   0.0 |       0 |      24 |   0.0 |   717
           D:2 |      15 |     203 |   6.9 |       9 |      34 |  20.9 |  1731
           D:3 |       0 |     270 |   0.0 |       0 |      27 |   0.0 |   902
           D:4 |     117 |     245 |  32.3 |       3 |      16 |  15.8 |  1233
           D:5 |     124 |    1165 |   9.6 |       4 |      30 |  11.8 |  2056
           D:6 |      48 |    1805 |   2.6 |       1 |      24 |   4.0 |  1945
           D:7 |       0 |    1696 |   0.0 |       0 |      33 |   0.0 |   845
           D:8 |     281 |    1121 |  20.0 |       4 |      23 |  14.8 |  1982
               +---------+---------+-------+---------+---------+-------+---------
